 Dungeon Crawl Stone Soup version 0.31-a0-23-gcbde74481b (webtiles) character file.

Game seed: 13193229011075464562

(classic levelgen) 232 Amnesiac the Sneak (level 5, -1/27 HPs)
             Began as a Spriggan Delver on May 13, 2023.
             Slain by Edmund
             ... wielding a +2 flail of venom
              (9 damage)
             ... on level 5 of the Dungeon.
             The game lasted 00:04:46 (1006 turns).

Amnesiac the Sneak (Spriggan Delver)                Turns: 1006, Time: 00:04:47

Health: -1/27      AC:  2    Str:  8    XL:     5   Next: 73%
Magic:  6/6        EV: 17    Int: 12    God:
Gold:   30         SH:  0    Dex: 18    Spells: 4/4 levels left

rFire   . . .        k - +0 dagger (distort)
rCold   . . .        (no shield)
rNeg    . . .        b - +0 robe
rPois   .            (helmet restricted)
rElec   .            (no cloak)
rCorr   .            (gloves unavailable)
SInv    +            (boots unavailable)
Will    .....        (no amulet)
Stlth   ++++         (no ring)
HPRegen 0.24/turn    (no ring)
MPRegen 0.10/turn

%: no passive effects
@: lethally poisoned (-1 -> -8), very quick
A: very small, no large weapons, unfitting armour, see invisible, speed 3
a: no special abilities


You were on level 5 of the Dungeon.
You visited 1 branch of the dungeon, and saw 2 of its levels.

You collected 30 gold pieces.

Inventory:

Hand Weapons
 a - a +0 short sword
 k - a +0 dagger of distortion (weapon)
Armour
 b - a +0 robe (worn)
Wands
 g - a wand of digging (2)
 i - a wand of polymorph (4)
Scrolls
 c - a scroll of fog {!r}
 d - a scroll of magic mapping {!r}
 e - a scroll of fear {!r}
 j - 2 scrolls of identify {!r, unknown}
Potions
 f - a potion of haste {!q}
 h - a potion of brilliance {!q, unknown}
 l - a potion of curing {!q, unknown}


   Skills:
 - Level 2.4 Fighting
 + Level 4.5 Short Blades
 - Level 2.6 Dodging
 - Level 7.2 Stealth
 + Level 5.7 Evocations


You had 4 spell levels left.
You didn't know any spells.
Your spell library contained the following spells:

 Spells                   Type           Power      Damage    Failure   Level
 Magic Dart               Conj           0%         1d3       32%         1
 Call Imp                 Summ           0%         N/A       45%         2
 Mephitic Cloud           Conj/Pois/Air  0%         N/A       69%         3


Dungeon Overview and Level Annotations

Branches:
Dungeon (5/15)
 Temple: D:4-7

Altars:

Annotations:
D:5 4 runed translucent doors, Edmund


Innate Abilities, Weirdness & Mutations

You are very small and have problems with some larger weapons.
You are too small for most types of armour.
You have supernaturally acute eyesight. (SInv)
You cover ground extremely quickly. (Speed+++)


Message History

Your Short Blades skill increases to level 4!
Your Evocations skill increases to level 5!
You see here an iguana corpse.
You see here a +0 mace.
A phantom is nearby!
You closely miss the phantom.
The phantom hits you but does no damage.
You closely miss the phantom. The phantom misses you.
You hit the phantom.
The phantom is lightly damaged.
The phantom blinks!
The phantom hits you.
You closely miss the phantom.
The phantom is lightly damaged.
The phantom closely misses you.
You hit the phantom but do no damage.
Space warps horribly around the phantom!
The phantom is severely damaged.
You hit the phantom but do no damage.
Space warps around the phantom.
The phantom is almost destroyed.
The phantom closely misses you.
You hit the phantom.
You destroy the phantom!
Edmund the Younger comes into view.
He is wielding a +2 flail of venom.
Edmund shouts!
Edmund drinks a potion.
Edmund suddenly seems more resistant.
You swing at nothing.
You hit Edmund but do no damage.
Space warps around Edmund.
Edmund is lightly wounded.
Edmund misses you.
Edmund says, "I might not be good at magic, but I can still kill you!"
You hit Edmund but do no damage.
Space warps horribly around Edmund!!
Edmund is heavily wounded.
You hit Edmund but do no damage.
Edmund is heavily wounded.
Edmund blinks!
You swing at nothing.
You hit Edmund but do no damage.
Edmund is heavily wounded.
Edmund blinks!
You hit Edmund but do no damage.
Space warps around Edmund.
Edmund is heavily wounded.
You hit Edmund but do no damage.
Edmund is heavily wounded.
Edmund blinks!
You barely miss Edmund.
Edmund is heavily wounded.
Edmund closely misses you.
You hit Edmund but do no damage.
Space warps around Edmund.
Edmund is severely wounded.
Edmund hits you with a +2 flail of venom!
You are poisoned.
You hit Edmund.
Space warps around Edmund.
Edmund is severely wounded.
* * * LOW HITPOINT WARNING * * *
You feel very sick.
* * * LOW HITPOINT WARNING * * *
You feel sick.
You barely miss Edmund.
Edmund is severely wounded.
* * * LOW HITPOINT WARNING * * *
You feel sick.
Edmund hits you with a +2 flail of venom!
You die...

## #. ############# #.
.......@@...# #.
###########.#
#.#############.#
#.#.............#
######'#.##################
..........................#
..........###############.#
..........# #######.##
..........# #........#


You could see Edmund (resistant).

Vanquished Creatures
  A phantom (D:5)
  A hound (D:5)
  An orc priest (D:5)
  2 iguanas (D:5)
  4 adders
  A worm (D:5)
  4 orcs
  2 endoplasms (D:4)
  A goblin (D:4)
17 creatures vanquished.

Notes
Turn   | Place    | Note
-------+----------+-------------------------------------------
     0 | D:5      | Amnesiac the Spriggan Delver began the quest for the Orb.
     0 | D:5      | Reached XP level 1. HP: 11/11 MP: 2/2
    18 | D:5      | Found a large runed translucent door.
    18 | D:5      | Found a large runed translucent door.
    20 | D:5      | Noticed a wyvern
    21 | D:5      | Noticed an orc warrior
    29 | D:5      | Found a large runed translucent door.
    29 | D:5      | Found a large runed translucent door.
    59 | D:5      | Noticed a scorpion
    60 | D:5      | Noticed an orc priest
    61 | D:5      | Noticed an orc priest
   254 | D:5      | Noticed a hound
   258 | D:5      | Noticed a phantom
   260 | D:5      | Noticed an iguana
   273 | D:5      | Noticed an iguana
   322 | D:5      | Noticed an iguana
   325 | D:5      | Noticed a sleepcap
   376 | D:4      | Reached skill level 1 in Evocations
   386 | D:4      | Noticed an orc wizard
   475 | D:4      | Reached XP level 2. HP: 14/16 MP: 3/3
   512 | D:4      | an orc priest changed into a boggart
   512 | D:4      | Noticed a boggart
   582 | D:5      | Reached XP level 3. HP: 19/19 MP: 4/4
   807 | D:5      | Reached XP level 4. HP: 23/23 MP: 5/5
   892 | D:5      | Reached XP level 5. HP: 23/27 MP: 6/6
   918 | D:5      | Reached skill level 5 in Evocations
   980 | D:5      | Killed a phantom
   986 | D:5      | Noticed Edmund
  1006 | D:5      | Slain by Edmund

Illustrated notes

Levels and vault maps discovered:
D:4:      layout_rooms, roderic_nine_men_s_morris
D:5:      layout_basic, serial_bayou_pond_b, minmay_hollow_rounded_squares,
          uniq_edmund

Skill      XL: |  1  2  3  4  5 |
---------------+----------------+-----
Evocations     | 2 3 4 5 |  5.7
Short Blades   | 3 4 |  4.5
Fighting       | |  2.4
Dodging        | |  2.6
Stealth        | |  7.2

Action                     |  1- 3 |  4- 6 || total
---------------------------+-------+-------++-------
  Melee: Short sword       |     8 |       ||     8
         Dagger            |    26 |    28 ||    54
  Evoke: Wand              |     7 |       ||     7
   Stab: Sleeping          |     7 |       ||     7
 Armour: Robe              |     4 |     1 ||     5
  Dodge: Dodged            |    24 |     7 ||    31

Table legend: (Time is in decaauts)
 A = Elapsed time spent in this place.
 B = Non-inter-level travel time spent in this place.
 C = Inter-level travel time spent in this place.
 D = Time resting spent in this place.
 E = Time spent auto-exploring this place.
 F = Levels seen in this place.
 G = Mean time per level.
                   A        B        C        D        E       F      G
               +--------+--------+--------+--------+--------+-----+--------+
         Total |    693 |    693 |      0 |    133 |    151 |   2 |  346.5 |
       Dungeon |    693 |    693 |      0 |    133 |    151 |   2 |  346.5 |
               +--------+--------+--------+--------+--------+-----+--------+

Top non-repeatable levels by time:
     D:5: 604 daAuts
     D:4: 89 daAuts
